 Dungeon Crawl Stone Soup version 0.30-b1-2-g02819fbbbe (webtiles) character file.

Game seed: 13971005310800565586

11011 MisterFreud the Thaumaturge (level 11, -4/83 HPs)
             Began as a Gnoll Wanderer on Sept 21, 2023.
             Slain by a black mamba (14 damage)
             ... on level 1 of the Lair of Beasts.
             The game lasted 00:27:54 (9870 turns).

MisterFreud the Thaumaturge (Gnoll Wanderer)        Turns: 9870, Time: 00:27:55

Health: -4/83      AC:  9    Str:  8    XL:     11   Next: 71%
Magic:  26/26      EV: 14    Int: 21    God:
Gold:   1238       SH:  0    Dex: 10    Spells: 21/33 levels left

rFire   . . .        w - +3 quarterstaff (heavy)
rCold   . . .        (shield currently unavailable)
rNeg    . . .        M - +1 robe {Archmagi}
rPois   .            (no helmet)
rElec   .            j - +2 cloak
rCorr   .            z - +1 pair of gloves of Dogoner {Rampage Regen+}
SInv    .            (no boots)
Will    .....        m - amulet of magic regeneration
Stlth   +++          (no ring)
HPRegen 1.13/turn    (no ring)
MPRegen 0.60/turn

%: rampage, archmagi
@: lethally poisoned (-4 -> -13)
A: fangs 1, strong nose, distributed training
a: no special abilities


You were on level 1 of the Lair of Beasts.
You visited 2 branches of the dungeon, and saw 10 of its levels.
You also visited: Bailey.

You collected 1554 gold pieces.
You spent 316 gold pieces at shops.

Inventory:

Hand Weapons
 a - a +1 club
 o - a +3 dagger
 w - a +3 heavy quarterstaff (weapon)
 B - a +3 trident
 F - a +3 scimitar
 L - a +0 scimitar of flaming
Missiles
 h - 2 silver javelins
 k - 18 poisoned darts
 q - 18 boomerangs
 K - a throwing net
Armour
 j - a +2 cloak (worn)
 z - the +1 pair of gloves of Dogoner (worn) {Rampage Regen+}
   (You bought it in a shop on level 5 of the Dungeon)

   Regen:     It increases your rate of health regeneration.
   Rampage:   It bestows one free step when moving towards enemies.
 M - a +1 robe of the Archmagi (worn)
Jewellery
 m - an amulet of magic regeneration (around neck)
 t - an amulet of the acrobat
 C - the ring of the Vanishing Seers {Fire Str+3}
   (You took it off a gnoll on level 5 of the Dungeon)

   [ring of fire]

   It enhances your fire magic.
   Str:       It affects your strength (+3).
   rF:        It protects you from fire.
   rC:        It makes you vulnerable to cold.
 O - a +4 ring of protection
Wands
 c - a wand of light (5)
 d - a wand of flame (24)
 s - a wand of iceblast (15)
 v - a wand of polymorph (8)
 y - a wand of mindburst (6)
Scrolls
 e - 7 scrolls of teleportation
 l - 5 scrolls of fear
 r - 2 scrolls of magic mapping
 u - 2 scrolls of fog
 H - 2 scrolls of enchant armour
 J - 2 scrolls of butterflies
Potions
 b - 2 potions of berserk rage
 f - 5 potions of heal wounds
 g - 2 potions of resistance
 i - 2 potions of ambrosia
 n - a potion of lignification
 p - a potion of mutation
 x - 2 potions of might
 A - a potion of curing
 D - a potion of magic {unknown}
 E - 2 potions of attraction {unknown}
 G - a potion of brilliance {unknown}
 I - a potion of cancellation {unknown}
 N - a potion of haste
 P - a potion of flight {unknown}


   Skills:
 + Level 6.8 Fighting
 + Level 6.8 Short Blades
 + Level 6.8 Long Blades
 + Level 6.8 Axes
 + Level 6.8 Maces & Flails
 + Level 6.8 Polearms
 + Level 6.8 Staves
 + Level 6.8 Ranged Weapons
 + Level 6.8 Throwing
 + Level 6.8 Armour
 + Level 6.8 Dodging
 + Level 6.8 Stealth
 + Level 6.8 Shields
 + Level 6.8 Unarmed Combat
 + Level 11.5 Spellcasting
 + Level 5.6 Conjurations
 + Level 5.6 Hexes
 + Level 5.6 Summonings
 + Level 5.6 Necromancy
 + Level 5.6 Translocations
 + Level 5.6 Transmutations
 + Level 5.6 Fire Magic
 + Level 5.6 Ice Magic
 + Level 10.4 Air Magic
 + Level 5.6 Earth Magic
 + Level 5.6 Poison Magic
 + Level 7.4 Invocations
 + Level 7.3 Evocations


You had 21 spell levels left.
You knew the following spells:

 Your Spells              Type           Power      Damage    Failure   Level
a - Shock                 Conj/Air       100%       1d9       1%          1
b - Vhi's Electric Charg  Tloc/Air       100%       N/A       1%          3
c - Tukima's Dance        Hex            52%        N/A       1%          3
d - Summon Forest         Summ/Tloc      26%        N/A       16%         5

Your spell library contained the following spells:

 Spells                   Type           Power      Damage    Failure   Level
 Beastly Appendage        Tmut           100%       N/A       1%          1
 Freeze                   Ice            100%       1d10      1%          1
 Magic Dart               Conj           100%       1d8       1%          1
 Blink                    Tloc           100%       N/A       1%          2
 Lesser Beckoning         Tloc           100%       N/A       1%          2
 Poisonous Vapours        Pois/Air       100%       N/A       1%          2
 Searing Ray              Conj           100%       2d8       1%          2
 Wereblood                Tmut           52%        N/A       1%          2
 Call Canine Familiar     Summ           52%        N/A       1%          3
 Dazzling Flash           Conj/Hex       100%       N/A       1%          3
 Frozen Ramparts          Ice            100%       1d16      1%          3
 Gell's Gravitas          Tloc           52%        N/A       1%          3
 Hailstorm                Conj/Ice       52%        3d12      1%          3
 Portal Projectile        Hex/Tloc       100%       N/A       1%          3
 Spider Form              Tmut/Pois      52%        N/A       1%          3
 Teleport Other           Tloc           52%        N/A       1%          3
 Volatile Blastmotes      Fire/Tloc      100%       2d18      1%          3
 Fulminant Prism          Conj/Hex       26%        3d14      5%          4
 Ice Form                 Ice/Tmut       52%        N/A       5%          4
 Iskenderun's Mystic Bla  Conj/Tloc      52%        2d11      5%          4
 Leda's Liquefaction      Hex/Erth       26%        N/A       5%          4
 Manifold Assault         Tloc           52%        N/A       5%          4
 Summon Ice Beast         Ice/Summ       52%        N/A       5%          4
 Blade Hands              Tmut           26%        N/A       16%         5
 Eringya's Noxious Bog    Tmut/Pois      26%        N/A       63%         6
 Starburst                Conj/Fire      26%        6d8       63%         6
 Storm Form               Tmut/Air       31%        N/A       86%         7
 Summon Hydra             Summ           26%        N/A       99%         7


Dungeon Overview and Level Annotations

Branches:
Dungeon (9/15)             Temple (0/1) D:5            Lair (1/5) D:9
 Bailey (visited)
    Orc: D:9-12

Altars:
Cheibriados
Kikubaaqudgha
Okawaru
Vehumet
The Shining One

Shops:
D:4 (   D:5 [=[[   D:7 ?

Annotations:
D:5 2 runed translucent doors, NeyKoZ's ghost, novice TrMo
D:9 3 runed translucent doors, Fartwhistle's ghost, novice GnHu; diceflayer's ghost, novice DsHu


Innate Abilities, Weirdness & Mutations

You have very sharp teeth.
Your uncanny sense of smell can sniff out nearby items.
Your experience applies equally to all skills.


Message History

You feel very sick.
The black mamba bites you but does no damage.
The black mamba barely misses you.
Casting: Shock (safe; 1% risk of failure)
Confirm with . or Enter, or press ? or * to list all spells.
Aiming: Shock (safe; 1% risk of failure)
Press: ? - help, Shift-Dir - straight line, f/p - black mamba
Aim: a black mamba (severely wounded, 57% to hit)
You feel a surge of power!
The zap hits the black mamba!
The black mamba is almost dead.
You feel very sick. The black mamba bites you!
* * * LOW HITPOINT WARNING * * *
You are more poisoned.
The black mamba poisons you!
Unknown command.
You feel better. The black mamba bites you!
* * * LOW HITPOINT WARNING * * *
The black mamba bites you.
* * * LOW HITPOINT WARNING * * *
You feel much better. The black mamba bites you.
* * * LOW HITPOINT WARNING * * *
The black mamba bites you!
* * * LOW HITPOINT WARNING * * *
You barely miss the black mamba.
The black mamba is almost dead.
The black mamba bites you but does no damage.
The black mamba misses you.
The black mamba bites you but does no damage.
You miss the black mamba. Your bite misses the black mamba.
The black mamba is almost dead.
The black mamba bites you but does no damage. x2
You miss the black mamba.
The black mamba is almost dead.
The black mamba bites you.
* * * LOW HITPOINT WARNING * * *
You are poisoned.
The black mamba poisons you! The black mamba closely misses you.
The black mamba bites you!
You die...

.....>.............
.♣.#.####..........
.....##............
...................
..#.P.##.........P#
..................
#######.......###
########........#.##
....†..†...S@.!.....
#...........####..##
#..........#.#
............... ∆
P.##.####.#.#### .
... ...... #..
...####. ...$ .....
... ...S


You could see a black mamba.

Vanquished Creatures
  Erica (D:8)
  A death yak (Lair:1)
  Maurice (D:8)
  A cane toad (Lair:1)
  A spectral unseen horror (D:9)
  A hornet (D:7)
  A polar bear (Lair:1)
  18 yaks
  3 wyverns
  An acid dragon (D:6)
  A water moccasin (Lair:1)
  Duvessa (D:7)
  4 orc warriors
  2 black bears
  2 sky beasts
  An ice beast (D:6)
  3 ogres
  A phantom (D:4)
  6 scorpions
  8 bullfrogs
  5 wights (D:7)
  Dowan (D:7)
  10 killer bees
  A howler monkey (D:9)
  A spectral centaur (D:9)
  3 electric eels (D:6)
  3 hounds
  5 jellies
  3 orc priests
  Crazy Yiuf (D:4)
  3 gnoll boudas
  2 sleepcaps (D:5)
  4 iguanas (D:5)
  8 orc wizards
  Terence (D:2)
  21 gnolls
  17 adders
  A shadow imp (D:5)
  2 white imps
  An ufetubus (D:6)
  A worm (D:2)
  4 dart slugs
  28 orcs
  10 endoplasms
  2 giant cockroaches
  14 goblins
  3 hobgoblins
  9 jackals
  18 kobolds
  3 quokkas
  9 ball pythons
  6 bats
  4 frilled lizards
  4 rats
266 creatures vanquished.

Vanquished Creatures (collateral kills)
  A death yak (Lair:1)
  A water moccasin (Lair:1)
  2 orc warriors
  An ogre (D:4)
  A gnoll (Bailey)
  A kobold (Bailey)
7 creatures vanquished.

Vanquished Creatures (others)
  3 dancing weapons
  16 fungi (D:9)
  14 plants
  2 snaplasher vines (Lair:1)
  33 withered plants
68 creatures vanquished.

Grand Total: 341 creatures vanquished

Notes
Turn   | Place    | Note
-------+----------+-------------------------------------------
     0 | D:1      | Reached skill level 9 in Spellcasting
     0 | D:1      | MisterFreud the Gnoll Wanderer began the quest for the Orb.
     0 | D:1      | MisterFreud set off with the following items: a +0 club, a
                  | potion of berserk rage, a +0 robe, a wand of flame (7); and
                  | the following spell memorised: Shock; and the following
                  | spells available to memorise: Poisonous Vapours, Vhi's
                  | Electric Charge.
     0 | D:1      | Reached XP level 1. HP: 13/13 MP: 10/10
    50 | D:1      | Reached XP level 2. HP: 19/19 MP: 1/12
   851 | D:2      | Reached XP level 3. HP: 25/25 MP: 10/13
   898 | D:2      | Learned a level 3 spell: Vhi's Electric Charge
   905 | D:2      | Reached skill level 1 in Invocations
  1083 | D:2      | Reached skill level 1 in Fighting
  1083 | D:2      | Reached skill level 1 in Short Blades
  1083 | D:2      | Reached skill level 1 in Long Blades
  1083 | D:2      | Reached skill level 1 in Axes
  1083 | D:2      | Reached skill level 1 in Maces & Flails
  1083 | D:2      | Reached skill level 1 in Polearms
  1083 | D:2      | Reached skill level 1 in Staves
  1083 | D:2      | Reached skill level 1 in Ranged Weapons
  1083 | D:2      | Reached skill level 1 in Throwing
  1083 | D:2      | Reached skill level 1 in Armour
  1083 | D:2      | Reached skill level 1 in Dodging
  1083 | D:2      | Reached skill level 1 in Stealth
  1083 | D:2      | Reached skill level 1 in Shields
  1083 | D:2      | Reached skill level 1 in Unarmed Combat
  1445 | D:2      | Reached XP level 4. HP: 32/32 MP: 12/15
  1473 | D:2      | Found a glowing golden altar of the Shining One.
  1486 | D:2      | Noticed Terence
  1494 | D:2      | Killed Terence
  1495 | D:2      | Reached skill level 1 in Conjurations
  1495 | D:2      | Reached skill level 1 in Hexes
  1495 | D:2      | Reached skill level 1 in Summonings
  1495 | D:2      | Reached skill level 1 in Necromancy
  1495 | D:2      | Reached skill level 1 in Translocations
  1495 | D:2      | Reached skill level 1 in Transmutations
  1495 | D:2      | Reached skill level 1 in Fire Magic
  1495 | D:2      | Reached skill level 1 in Ice Magic
  1495 | D:2      | Reached skill level 1 in Earth Magic
  1495 | D:2      | Reached skill level 1 in Poison Magic
  1655 | D:2      | Learned a level 3 spell: Tukima's Dance
  1811 | D:3      | Reached XP level 5. HP: 28/37 MP: 12/16
  2140 | D:3      | Found an iron altar of Okawaru.
  2282 | D:3      | Found a faded altar of an unknown god.
  2723 | D:4      | Found a radiant altar of Vehumet.
  2734 | D:4      | Noticed an ogre
  2739 | D:4      | Noticed a phantom
  2742 | D:4      | Killed an ogre
  2743 | D:4      | Reached XP level 6. HP: 40/44 MP: 8/18
  2870 | D:4      | Found Jeucw's Weapon Shop.
  3039 | D:4      | Reached XP level 7. HP: 39/51 MP: 15/20
  3578 | D:4      | Found a runed translucent door.
  3579 | D:4      | Noticed Crazy Yiuf
  3585 | D:4      | Killed Crazy Yiuf
  3605 | D:5      | Entered Level 5 of the Dungeon
  3685 | D:5      | Found a snail-covered altar of Cheibriados.
  3724 | D:5      | Reached XP level 8. HP: 44/58 MP: 18/21
  3784 | D:5      | Found Otrahoru's Antique Armour Emporium.
  3800 | D:5      | Bought a pair of faintly humming gloves for 256 gold pieces
  3800 | D:5      | Identified the +1 pair of gloves of Dogoner {Rampage
                  | Regen+} (You bought it in a shop on level 5 of the Dungeon)
  3831 | D:5      | Found Pood's Jewellery Shop.
  3847 | D:5      | Found Omuyv's Antique Armour Shop.
  3930 | D:5      | Found Dimn's Antique Armour Boutique.
  3963 | D:5      | Found a staircase to the Ecumenical Temple.
  3995 | D:5      | Reached skill level 10 in Spellcasting
  4111 | D:5      | Found an ancient bone altar of Kikubaaqudgha.
  4114 | D:5      | Identified the ring of the Vanishing Seers {Fire Str+3}
  4482 | D:5      | Found a large runed translucent door.
  4483 | D:5      | Found a large runed translucent door.
  4486 | D:5      | Noticed NeyKoZ's ghost (novice TrMo)
  4785 | D:6      | Reached XP level 9. HP: 55/65 MP: 21/23
  5001 | D:6      | Reached skill level 5 in Evocations
  5733 | D:7      | Noticed a hornet
  5743 | D:7      | Paralysed by a hornet for 2 turns
  5748 | D:7      | Killed a hornet
  5749 | D:7      | Reached skill level 5 in Invocations
  5884 | D:7      | Noticed Dowan
  5886 | D:7      | Noticed Duvessa
  5913 | D:7      | Killed Duvessa
  5917 | D:7      | Killed Dowan
  6073 | D:7      | Reached skill level 5 in Fighting
  6073 | D:7      | Reached skill level 5 in Short Blades
  6073 | D:7      | Reached skill level 5 in Long Blades
  6073 | D:7      | Reached skill level 5 in Axes
  6073 | D:7      | Reached skill level 5 in Maces & Flails
  6073 | D:7      | Reached skill level 5 in Polearms
  6073 | D:7      | Reached skill level 5 in Staves
  6073 | D:7      | Reached skill level 5 in Ranged Weapons
  6073 | D:7      | Reached skill level 5 in Throwing
  6073 | D:7      | Reached skill level 5 in Armour
  6073 | D:7      | Reached skill level 5 in Dodging
  6073 | D:7      | Reached skill level 5 in Stealth
  6073 | D:7      | Reached skill level 5 in Shields
  6073 | D:7      | Reached skill level 5 in Unarmed Combat
  6073 | D:7      | Reached XP level 10. HP: 70/74 MP: 24/24
  6379 | D:7      | Found Woguce Fipp's Magic Scroll Shop.
  6387 | D:7      | Bought a scroll of fear for 60 gold pieces
  6594 | D:8      | Found a flagged portal.
  6624 | Bailey   | Entered a bailey
  6629 | Bailey   | Noticed an orc warlord
  6717 | Bailey   | Found a runed translucent gate.
  6720 | Bailey   | Found a runed translucent gate.
  6722 | Bailey   | Found a runed translucent gate.
  7103 | Bailey   | Acquired 930 gold pieces
  7368 | D:8      | Noticed Maurice
  7388 | D:8      | Killed Maurice
  7408 | D:8      | Reached skill level 10 in Air Magic
  7608 | D:8      | Noticed Erica
  7625 | D:8      | Killed Erica
  7626 | D:8      | Reached skill level 11 in Spellcasting
  8448 | D:9      | Reached skill level 5 in Conjurations
  8448 | D:9      | Reached skill level 5 in Hexes
  8448 | D:9      | Reached skill level 5 in Summonings
  8448 | D:9      | Reached skill level 5 in Necromancy
  8448 | D:9      | Reached skill level 5 in Translocations
  8448 | D:9      | Reached skill level 5 in Transmutations
  8448 | D:9      | Reached skill level 5 in Fire Magic
  8448 | D:9      | Reached skill level 5 in Ice Magic
  8448 | D:9      | Reached skill level 5 in Earth Magic
  8448 | D:9      | Reached skill level 5 in Poison Magic
  8450 | D:9      | Reached XP level 11. HP: 49/81 MP: 20/26
  8540 | D:9      | Found a runed translucent gate.
  8540 | D:9      | Found a runed translucent gate.
  8540 | D:9      | Found a runed translucent gate.
  8540 | D:9      | Noticed diceflayer's ghost (novice DsHu)
  8541 | D:9      | Noticed Fartwhistle's ghost (novice GnHu)
  8907 | D:9      | Found a staircase to the Lair.
  9315 | D:9      | Noticed a death knight
  9643 | D:9      | Learned a level 5 spell: Summon Forest
  9718 | Lair:1   | Entered Level 1 of the Lair of Beasts
  9777 | Lair:1   | Noticed a death yak
  9783 | Lair:1   | Noticed a death yak
  9786 | Lair:1   | Killed a death yak
  9803 | Lair:1   | Killed a death yak
  9865 | Lair:1   | HP: 3/83 [black mamba (10)]
  9870 | Lair:1   | Slain by a black mamba

Illustrated notes

Levels and vault maps discovered:
D:1:      lemuel_arrival_lava_pool, layout_loops_ring
D:2:      layout_loops_cross, basic_altar, uniq_terence
D:3:      minmay_thinvault, layout_loops_cross, okawaru_trees_1,
          shapermc_ecumenical_altar_totnotflames, grunt_ministairs_5,
          kennysheep_nondescript
D:4:      layout_loops_ring, vehumet_crystals, serial_shops,
          nicolae_shop_peninsula, uniq_crazy_yiuf_cottage
D:5:      minmay_diamond_boxcup, layout_basic, kiku_gazebo_garden_becter,
          mainiacjoe_overflow_six_doors_small, temple_doors_e, serial_shops,
          nicolae_shop_waterfront, shop, nicolae_shop_tiny_waterfront, shop,
          ebering_ghost_disaster_area, kennysheep_generic_room_5
D:6:      layout_loops_ring, minmay_misc_feat_room, chequers_big_river
D:7:      layout_loops_ring, serial_shops, shop, uniq_duvessa
D:8:      layout_basic, enter_bailey_3, uniq_maurice, uniq_erica
D:9:      layout_roguey, grunt_lair_entry_orc_guard_hut,
          gammafunk_ghost_cemetery, dilly_guarded_unrand_morg
Lair:1:   layout_long_grid, grunt_megastairs_4

Skill      XL: |  1  2  3  4  5  6  7  8  9 10 11 |
---------------+----------------------------------+-----
Spellcasting   | 10 11 | 11.5
Invocations    | 1 2 3 4 5 6 7 |  7.4
Fighting       | 1 2 3 5 6 |  6.8
Short Blades   | 1 2 3 5 6 |  6.8
Long Blades    | 1 2 3 5 6 |  6.8
Axes           | 1 2 3 5 6 |  6.8
Maces & Flails | 1 2 3 5 6 |  6.8
Polearms       | 1 2 3 5 6 |  6.8
Staves         | 1 2 3 5 6 |  6.8
Ranged Weapons | 1 2 3 5 6 |  6.8
Throwing       | 1 2 3 5 6 |  6.8
Armour         | 1 2 3 5 6 |  6.8
Dodging        | 1 2 3 5 6 |  6.8
Stealth        | 1 2 3 5 6 |  6.8
Shields        | 1 2 3 5 6 |  6.8
Unarmed Combat | 1 2 3 5 6 |  6.8
Conjurations   | 1 2 3 4 5 |  5.6
Hexes          | 1 2 3 4 5 |  5.6
Summonings     | 1 2 3 4 5 |  5.6
Necromancy     | 1 2 3 4 5 |  5.6
Translocations | 1 2 3 4 5 |  5.6
Transmutations | 1 2 3 4 5 |  5.6
Fire Magic     | 1 2 3 4 5 |  5.6
Ice Magic      | 1 2 3 4 5 |  5.6
Earth Magic    | 1 2 3 4 5 |  5.6
Poison Magic   | 1 2 3 4 5 |  5.6
Evocations     | 3 4 5 6 7 |  7.3
Air Magic      | 9 10 | 10.4

Action                     |  1- 3 |  4- 6 |  7- 9 | 10-12 || total
---------------------------+-------+-------+-------+-------++-------
  Melee: Club              |     8 |     6 |       |       ||    14
         Bite              |       |     1 |     4 |     7 ||    12
         Dagger            |       |       |     1 |       ||     1
         Quarterstaff      |       |       |    39 |    80 ||   119
   Cast: Shock             |    61 |    88 |   285 |   300 ||   734
         Vhi's Electric Ch |     1 |       |       |       ||     1
         Tukima's Dance    |       |     2 |    12 |    14 ||    28
         Summon Forest     |       |       |       |     2 ||     2
  Evoke: Wand              |       |       |     5 |     3 ||     8
    Use: Scroll            |     5 |     8 |     7 |     9 ||    29
         Potion            |       |       |     2 |     3 ||     5
 Armour: Robe              |     7 |     5 |    72 |    91 ||   175
         Skin              |       |       |       |     8 ||     8
  Dodge: Dodged            |    17 |    12 |   113 |   160 ||   302
